 Dungeon Crawl Stone Soup version 0.31-a0-1-g4198be8af4 (webtiles) character file.

Game seed: 13455154972069823013

69307 Sobieck the Arsonist (level 14, -5/126 HPs)
             Began as a Red Draconian Venom Mage on May 1, 2023.
             Was a High Priest of Sif Muna.
             Shot with an arrow by a centaur (11 damage)
             ... led by a centaur warrior
             ... on level 14 of the Dungeon.
             The game lasted 01:19:27 (27484 turns).

Sobieck the Arsonist (Red Draconian Venom Mage)    Turns: 27484, Time: 01:19:27

Health: -5/126     AC:  1    Str: 11    XL:     14   Next: 89%
Magic:  20/26      EV: 16    Int: 26    God:    Sif Muna [*****.]
Gold:   1931       SH:  0    Dex: 15    Spells: 9/29 levels left

rFire   + + .        c - +4 dagger (distort) {!wshort}
rCold   + . .        (no shield)
rNeg    . . .        (body armour unavailable)
rPois   .            (helmet restricted)
rElec   .            X - scarf {rC+ rF+}
rCorr   .            Z - +0 pair of fencer's gloves {Riposte Dex+3}
SInv    .            (no boots)
Will    ++...        O - amulet of magic regeneration {@e2}
Stlth   ++           j - +6 ring of intelligence
HPRegen 0.41/turn    S - ring of willpower
MPRegen 0.60/turn

%: no passive effects
@: about to teleport, corroded, hasted, very quick
A: breathe fire, AC +8, unfitting armour, fire resistance 1, cold-blooded
a: Breathe Fire, Renounce Religion, Channel Magic, Forget Spell, Divine Exegesis


You were on level 14 of the Dungeon.
You worshipped Sif Muna.
Sif Muna was extremely pleased with you.
You visited 4 branches of the dungeon, and saw 22 of its levels.
You also visited: Sewer and Bailey.

You collected 1979 gold pieces.
You spent 48 gold pieces at shops.


Innate Abilities, Weirdness & Mutations

You can breathe blasts of fire.
Your fiery red scales are hard. (AC +8)
You cannot fit into any form of body armour.
Your flesh is heat resistant. (rF+)
You are cold-blooded and may be slowed by cold attacks.


   Skills:
 - Level 12.0 Fighting
 - Level 10.0 Short Blades
 - Level 9.0 Dodging
 - Level 1.7 Stealth
 - Level 8.0 Spellcasting
 - Level 11.0 Conjurations
 - Level 1.0 Transmutations
 + Level 14.1 Fire Magic
 - Level 9.0 Poison Magic
 - Level 6.0 Invocations


You had 9 spell levels left.
You knew the following spells:

 Your Spells              Type           Power      Damage    Failure   Level
a - Olgreb's Toxic Radia  Pois           55%        N/A       1%          4
b - Poisonous Vapours     Pois/Air       66%        N/A       1%          2
c - Fireball              Conj/Fire      33%        3d14      1%          5
d - Mephitic Cloud        Conj/Pois/Air  45%        N/A       1%          3
e - Starburst             Conj/Fire      33%        6d10      4%          6

Your spell library contained the following spells:

 Spells                   Type           Power      Damage    Failure   Level
 Shock                    Conj/Air       100%       1d9       1%          1
 Sting                    Tmut/Pois      100%       1d8       1%          1
 Static Discharge         Conj/Air       78%        2-6/arc   1%          2
 Dazzling Flash           Conj/Hex       78%        N/A       1%          3
 Hailstorm                Conj/Ice       39%        3d9       1%          3
 Inner Flame              Hex/Fire       47%        N/A       1%          3
 Volatile Blastmotes      Fire/Tloc      94%        2d17      1%          3
 Flame Wave               Conj/Fire      66%        2d15      1%          4
 Necrotise                Necr           40%        1d6       5%          1
 Slow                     Hex            40%        N/A       5%          1
 Fulminant Prism          Conj/Hex       19%        3d10      6%          4
 Iskenderun's Mystic Bla  Conj/Tloc      39%        2d9       6%          4
 Ensorcelled Hibernation  Hex/Ice        20%        N/A       9%          2
 Call Canine Familiar     Summ           10%        N/A       17%         3
 Confusing Touch          Hex            10%        N/A       17%         3
 Frozen Ramparts          Ice            20%        1d4       17%         3
 Portal Projectile        Hex/Tloc       20%        N/A       17%         3
 Summon Guardian Golem    Hex/Summ       10%        N/A       17%         3
 Vampiric Draining        Necr           10%        2d6       17%         3
 Freezing Cloud           Conj/Ice/Air   14%        6-21      34%         5
 Orb of Destruction       Conj           30%        9d10      45%         7
 Animate Dead             Necr           10%        N/A       50%         4
 Cause Fear               Hex            5%         N/A       50%         4
 Leda's Liquefaction      Hex/Erth       5%         N/A       50%         4
 Passage of Golubria      Tloc           10%        N/A       50%         4
 Iron Shot                Conj/Erth      19%        9d4       65%         6
 Blade Hands              Tmut           7%         N/A       71%         5
 Ignition                 Fire           35%        3d11      75%         8
 Agony                    Necr           10%        N/A       83%         5
 Metabolic Englaciation   Hex/Ice        5%         N/A       83%         5
 Silence                  Hex/Air        5%         N/A       83%         5
 Summon Mana Viper        Hex/Summ       10%        N/A       83%         5
 Spellforged Servitor     Conj/Summ      19%        N/A       99%         7
 Dragon Form              Tmut           7%         N/A       100%        7
 Discord                  Hex            5%         N/A       100%        8
 Lehudib's Crystal Spear  Conj/Erth      19%        10d6      100%        8
 Dragon's Call            Summ           5%         N/A       100%        9
 Animate Armour           Summ/Erth      Unusable   N/A       N/A         4

Inventory:

Hand Weapons
 a - a +0 spear of venom {polearm}
   (You took it off a gnoll on level 3 of the Dungeon)
 c - a +4 dagger of distortion (weapon) {!wshort}
   (You took it off a kobold in a sewer)
 d - a +1 heavy whip {mace}
   (You found it on level 1 of the Dungeon)
 J - the +6 whip of Excruciating Pain {elec, rPois rC- rCorr Int+5, mace}
   (You found it on level 8 of the Dungeon)

   Int:       It affects your intelligence (+5).
   rC:        It makes you vulnerable to cold.
   rPois:     It protects you from poison.
   rCorr:     It protects you from acid and corrosion.
Missiles
 e - 47 poisoned darts {throwing}
 g - 187 stones {throwing}
 y - 6 atropa-tipped darts {throwing}
 K - 20 boomerangs {throwing}
 R - a throwing net {=f!fthrowing}
Armour
 q - a +1 pair of gloves
   (You found it on level 2 of the Dungeon)
 X - a scarf of resistance (worn)
   (You found it on level 3 of the Lair of Beasts)
 Z - the +0 pair of fencer's gloves (worn) {Riposte Dex+3}
   (You found it on level 3 of the Lair of Beasts)

   Riposte:   It allows the wearer to riposte with melee weapons, swiftly
   retaliating against missed or blocked melee attacks.
   Dex:       It affects your dexterity (+3).
Magical Staves
 G - a staff of poison {!astaff}
   (You found it on level 7 of the Dungeon)
Jewellery
 j - a +6 ring of intelligence (left hand)
   (You found it on level 1 of the Dungeon)
 k - an amulet of reflection
   (You found it on level 1 of the Dungeon)
 p - a +6 ring of strength
   (You found it on level 4 of the Lair of Beasts)
 t - a +4 ring of protection
   (You found it on level 3 of the Dungeon)
 u - an amulet of regeneration {@e2}
   (You found it on level 3 of the Dungeon)
 v - a +6 ring of dexterity
   (You took it off a goblin on level 4 of the Dungeon)
 I - an amulet of guardian spirit
   (You found it on level 1 of the Lair of Beasts)
 L - a ring of see invisible
   (You found it in a bailey)
 O - an amulet of magic regeneration (around neck) {@e2}
   (You found it on level 2 of the Lair of Beasts)
 S - a ring of willpower (right hand)
   (You found it on level 2 of the Lair of Beasts)
 Y - a ring of protection from cold
   (You found it on level 3 of the Lair of Beasts)
Wands
 x - a wand of roots (7)
   (You found it on level 5 of the Dungeon)
 C - a wand of acid (20)
   (You found it on level 4 of the Dungeon)
 F - a wand of digging (15)
   (You found it on level 7 of the Dungeon)
 H - a wand of charming (9)
   (You found it on level 7 of the Dungeon)
 Q - a wand of flame (18)
   (You found it on level 10 of the Dungeon)
Scrolls
 i - 4 scrolls of identify {@r1}
 l - 5 scrolls of noise {!r}
 o - 3 scrolls of vulnerability {!r!r}
 r - 6 scrolls of teleportation {@r4}
 E - 3 scrolls of fog
 P - a scroll of immolation {!r!r}
Potions
 b - 2 potions of lignification {!q}
 f - 2 potions of heal wounds {@q2}
 m - a potion of berserk rage {!q}
 n - 2 potions of magic
 s - 5 potions of might
 w - 2 potions of haste {@q3}
 z - 6 potions of mutation {!q}
 A - 3 potions of invisibility
 B - 7 potions of curing {@q1}
 D - 2 potions of flight
 M - 2 potions of brilliance
 T - 4 potions of attraction {!q}
 W - a potion of resistance
Miscellaneous
 N - a piece from Xom's chessboard (15/15)
   (You found it in a bailey)
 V - a phantom mirror
   (You found it on level 10 of the Dungeon)

Dungeon Overview and Level Annotations

Branches:
Dungeon (15/15) Zot: 26614  Temple (1/1) D:4 Zot: 5978    Lair (5/5) D:10 Zot: 22418
 Shoals (0/4) Lair:2        Snake (0/4) Lair:2        Slime (0/5) Lair:4
    Orc (2/2) D:11 Zot: 9110     Elf (0/3) Orc:2        Vaults (0/5) D:14
 Depths (0/4) D:15          Sewer (visited)          Bailey (visited)

Altars:
Dithmenos
Fedhas
Hepliaklqana
Makhleb
Okawaru
Qazlal
Sif Muna
Uskayaw
Vehumet
Xom
The Shining One
Jiyva
Lugonu

Shops:
D:9 *   Orc:1 ?   Orc:2 ([???

Portals:
Abyss: D:4

Annotations:
D:2 1 runed translucent door, Crazy Yiuf
D:10 1 runed translucent door
D:11 2 transporters
D:14 Rupert
Lair:3 1 runed translucent door, Darkkill's ghost, journeyman MiHu
Lair:4 1 runed translucent door, exclusion: oklob plant

###........ ##...........
............# #.........#
##........## #..........######
. ##.).......Q.....## .##
#.........Q.......# ..#
##..........O@...#..# #.###
#............pD...##.# #....
##.....)............##.####....
#........>...........#u........
#.....................#.u†o.#..
#......).c...........).##)u###
#........c............. ####
........cc............$
...............$...


You could see 2 tengu warriors, a two-headed ogre (extremely poisoned), a human
(very poisoned), an acid dragon and 4 centaurs.


Message History

You can't do that yet.
Unknown command.
You can't do that yet.
Unknown command.
Casting: Olgreb's Toxic Radiance (mildly dangerous; 1% risk of failure)
Confirm with . or Enter, or press ? or * to list all spells.
Aiming: Fireball (mildly dangerous; 1% risk of failure)
Press: ? - help, Shift-Dir - straight line, f - Urug
Aim: Urug, wielding a +2 scimitar of holy wrath, wearing a +0 scale mail, quivering javelins and carrying a wand of charming (6) (lightly wounded, very poisoned)
The fireball explodes!
The fireball engulfs Urug!
The fireball engulfs the brown ugly thing!!
You hear a horrible gurgling sound! x2; You hear a shout!
You hear two shouts!
You hear a shout!
The brown ugly thing headbutts you! The acid corrodes you!
You are splashed with acid!
Unknown command.
Unknown command.
Unknown command.
You hit Urug but do no damage. You tail-slap Urug, but do no damage.
The brown ugly thing looks as sick as possible!
Urug closely misses you. The brown ugly thing headbutts you.
You are splashed with acid!
Unknown command.
Unknown command.
Urug attacks as you move away!
Urug hits you with a +2 scimitar of holy wrath!!
Urug looks even sicker.
The white ugly thing is poisoned.
Unknown command.
As you read the scroll of teleportation {@r4}, it crumbles to dust.
You feel strangely unstable.
Your toxic aura wanes.
Urug zaps a wand.
You resist with almost no effort. The brown ugly thing headbutts you!
The acid corrodes you!
You are splashed with acid!
* * * LOW HITPOINT WARNING * * *
You have got your breath back.
Unknown command.
You hit Urug but do no damage.
Space warps horribly around Urug!!
Unknown command.
You closely miss Urug.
The brown ugly thing gurgles horribly!
You tail-slap Urug, but do no damage.
Your surroundings suddenly seem different.
Unknown command.
Unknown command.
A centaur comes into view.
The centaur moves out of view.
A tengu warrior comes into view.
It is wielding a +3 long sword and wearing a +0 buckler of fire resistance.
A centaur comes into view.
A tengu warrior comes into view. It is wielding a +3 broad axe.
Casting: Fireball (mildly dangerous; 1% risk of failure)
Confirm with . or Enter, or press ? or * to list all spells.
You begin to radiate toxic energy.
The human shouts!
The human is poisoned.
The centaur is poisoned.
The tengu warrior shouts!
The tengu warrior is poisoned.
The two-headed ogre is poisoned.
The human looks even sicker.
The tengu warrior looks even sicker.
You hear a shout!
The centaur wields a +0 shortbow.
The centaur shoots an arrow.
The arrow barely misses you.
The centaur shoots an arrow.
The arrow misses you.
Unknown command.
The human looks even sicker.
The centaur looks even sicker.
The tengu warrior looks even sicker.
The tengu warrior shouts!
The tengu warrior is poisoned.
The two-headed ogre looks even sicker.
The centaur shoots an arrow.
The arrow barely misses you. The two-headed ogre barely misses you.
The two-headed ogre hits you with a +0 dire flail!
* * * LOW HITPOINT WARNING * * *
You hear a shout!
Unknown command.
The tengu warrior looks even sicker.
The two-headed ogre looks even sicker.
The centaur shoots an arrow.
The arrow hits you!
* * * LOW HITPOINT WARNING * * *
The centaur shoots an arrow.
The arrow closely misses you.
Unknown command.
Urug looks even sicker.
The centaur looks even sicker.
The tengu warrior looks as sick as possible!
The tengu warrior looks even sicker.
The two-headed ogre looks as sick as possible!
Your toxic aura wanes.
You kill Urug!
Sif Muna accepts your kill.
The centaur shoots an arrow.
The arrow closely misses you.
The centaur shoots an arrow.
The arrow hits you!
* * * LOW HITPOINT WARNING * * *
A centaur comes into view.
The centaur shoots an arrow.
The arrow hits you!
* * * LOW HITPOINT WARNING * * *
Unknown command.
You feel yourself speed up.
The centaur shoots an arrow.
The arrow closely misses you.
Unknown command.
As you read the scroll of teleportation {@r4}, it crumbles to dust.
You feel strangely unstable.
A centaur comes into view.
The centaur wields a +0 shortbow.
The centaur shoots an arrow.
The arrow hits you!
You die...

Skill      XL: |  1  2  3  4  5  6  7  8  9 10 11 12 13 14 |
---------------+-------------------------------------------+-----
Poison Magic   | 4 5 7 9 |  9.0
Spellcasting   | 3 4 5 6 8 |  8.0
Fighting       | 2 5 8 10 11 12 | 12.0
Short Blades   | 1 3 5 8 10 | 10.0
Invocations    | 2 4 6 |  6.0
Dodging        | 5 7 9 |  9.0
Fire Magic     | 7 12 14 | 14.1
Conjurations   | 7 9 11 | 11.0
Stealth        | |  1.7
Transmutations | |  1.0

Action                     |  1- 3 |  4- 6 |  7- 9 | 10-12 | 13-15 || total
---------------------------+-------+-------+-------+-------+-------++-------
  Melee: Unarmed           |     2 |       |       |       |       ||     2
         Whip              |    58 |    22 |       |       |       ||    80
         Tailslap          |     6 |    12 |    13 |    54 |    62 ||   147
         Spear             |       |   138 |       |       |       ||   138
         Punch             |       |     2 |     2 |     6 |     6 ||    16
         Dagger            |       |     3 |   152 |   363 |   348 ||   866
   Cast: Sting             |    13 |     3 |       |       |       ||    16
         Poisonous Vapours |    36 |    82 |     8 |       |       ||   126
         Mephitic Cloud    |       |     2 |     3 |       |       ||     5
         Olgreb's Toxic Ra |       |     2 |    43 |   111 |   108 ||   264
         Fireball          |       |       |       |     4 |    85 ||    89
         Starburst         |       |       |       |       |     8 ||     8
 Invoke: Channel Magic     |       |       |       |     1 |     3 ||     4
Ability: Breathe Fire      |       |       |     9 |    39 |    34 ||    82
    Use: Potion            |       |     1 |     2 |     3 |     4 ||    10
         Scroll            |       |       |    14 |    11 |     9 ||    34
   Stab: Sleeping          |     1 |     2 |     3 |     4 |       ||    10
         Distracted        |       |     1 |       |       |       ||     1
 Armour: Skin              |    11 |    61 |    47 |   114 |   101 ||   334
  Dodge: Dodged            |    39 |    61 |    60 |   182 |   225 ||   567
  Block: Other             |    14 |    37 |    29 |    68 |    56 ||   204
         Reflection        |     1 |     2 |     1 |     6 |       ||    10
Riposte: Dagger            |       |       |       |       |    37 ||    37

Levels and vault maps discovered:
D:1:      matt_arrival_spirals, layout_basic
D:2:      layout_basic, uniq_crazy_yiuf_cottage
D:3:      layout_loops_corners, minmay_crystal_water, minmay_fountain_box,
          kennysheep_minor_cross, nrook_uturn, corner_web_ring,
          kennysheep_potato
D:4:      layout_loops_ring, minitemple, minmay_temple_entry_junction,
          gup_sewer_entry_glass, minmay_tree_intersection,
          amcnicky_altar_lugonu_corruption, uniq_sigmund
D:5:      layout_loops_ring, st_stairs_5, uniq_blork_the_orc
D:6:      layout_basic, uniq_grinder
D:7:      minmay_razor_zed, layout_rooms,
          grunt_temple_overflow_champion_of_chaos
D:8:      layout_loops_ring, serial_bayou_pond_e
D:9:      layout_long_grid, serial_shops, shop, enter_bailey_4
D:10:     layout_rooms, hellmonk_lair_entry_icy, lightli_church_of_beogh,
          uniq_grum
D:11:     gammafunk_corrupted_shrine, layout_irregular_city, david_orc_1_choice,
          chequers_serial_rivers_large_a, chequers_serial_rivers_small_b
D:12:     layout_basic, kennysheep_small_circle
D:14:     kennysheep_windowed_halls, layout_layer_cave, david_vaults_3,
          dk_noncrumbling_2
D:15:     hangedman_depths_entry_civil_slaughter, layout_rooms
Temple:   regret_index_temple_mists
Lair:1:   layout_gridlike, st_stairs_9, chequers_serial_rivers_micro_c
Lair:2:   layout_hall_layers, nicolae_shoals_entry_roost,
          minmay_snake_entry_six_corridors, hangedman_lair_generics_rect,
          serial_bayou_shore_a
Lair:3:   layout_chaotic_city, ebering_ghost_xom, uniq_josephine, uniq_nergalle
Lair:4:   layout_cave_shapes, slime_entry_2, nicolae_quartered_pool_super,
          lemuel_oklob_altar, grunt_megastairs_5, serial_bayou_shore_b
Lair:5:   evilmike_catoblepas_cave, layout_gridlike, serial_bayou_pond_b,
          serial_bayou_shore_b
Orc:1:    layout_caves, serial_shops, shop
Orc:2:    hellmonk_orc_salted, layout_caves, serial_shops,
          nicolae_shop_tiny_real_fake_doors, nicolae_orc_crystal_geode

Notes
Turn   | Place    | Note
-------+----------+-------------------------------------------
     0 | D:1      | Sobieck the Draconian Venom Mage began the quest for the
                  | Orb.
     0 | D:1      | Reached XP level 1. HP: 14/14 MP: 3/3
   145 | D:1      | Reached XP level 2. HP: 18/20 MP: 1/5
   206 | D:1      | Learned a level 2 spell: Poisonous Vapours
   592 | D:1      | Reached skill level 4 in Poison Magic
   830 | D:1      | Reached XP level 3. HP: 26/26 MP: 3/6
  1752 | D:2      | Learned a level 3 spell: Mephitic Cloud
  2040 | D:2      | Found a runed translucent door.
  2041 | D:2      | Noticed Crazy Yiuf
  2536 | D:3      | Reached skill level 5 in Poison Magic
  2536 | D:3      | Reached XP level 4. HP: 32/33 MP: 1/7
  2874 | D:3      | HP: 7/33 [orc priest/divine providence (16)]
  2905 | D:3      | HP: 5/33 [orc priest/nerve-wracking pain (9)]
  3123 | D:3      | Reached XP level 5. HP: 26/38 MP: 3/8
  3336 | D:3      | Reached skill level 6 in Poison Magic
  3487 | D:3      | Identified the +0 robe of Lies {rPois}
  4442 | D:4      | Found a glowing drain.
  4443 | D:4      | Noticed a black bear
  4460 | D:4      | Killed a black bear
  4461 | D:4      | Reached skill level 7 in Poison Magic
  4461 | D:4      | Reached XP level 6. HP: 39/45 MP: 2/9
  4577 | Sewer    | Entered a sewer
  5632 | Sewer    | Learned a level 4 spell: Olgreb's Toxic Radiance
  6067 | D:4      | Your scales start taking on a fiery red colour.
  6067 | D:4      | Reached XP level 7. HP: 50/50 MP: 6/11
  6067 | D:4      | Gained mutation: Your flesh is heat resistant. (rF+) [Red
                  | Draconian growth]
  6094 | D:4      | Noticed Sigmund
  6151 | D:4      | Killed Sigmund
  6152 | D:4      | Reached skill level 3 in Spellcasting
  6152 | D:4      | Reached skill level 8 in Poison Magic
  6268 | D:4      | Found a corrupted altar of Lugonu.
  6364 | D:4      | Found a one-way gate to the infinite horrors of the Abyss.
  6597 | D:4      | Found a staircase to the Ecumenical Temple.
  6691 | Temple   | Entered the Ecumenical Temple
  6699 | Temple   | Became a worshipper of Sif Muna the Loreminder
  6790 | D:4      | Found a radiant altar of Vehumet.
  6797 | D:4      | Found a shadowy altar of Dithmenos.
  6857 | D:5      | Entered Level 5 of the Dungeon
  7071 | D:4      | Reached skill level 9 in Poison Magic
  7071 | D:4      | Reached skill level 1 in Fighting
  7163 | D:5      | Reached skill level 2 in Fighting
  7163 | D:5      | Reached skill level 1 in Short Blades
  7163 | D:5      | Reached XP level 8. HP: 52/61 MP: 7/12
  7405 | D:5      | Reached * piety under Sif Muna
  7454 | D:5      | Reached skill level 3 in Fighting
  7615 | D:5      | Noticed Blork the orc
  7649 | D:5      | Killed Blork the orc
  7650 | D:5      | Reached skill level 2 in Short Blades
  7650 | D:5      | Reached skill level 1 in Invocations
  7960 | D:5      | Reached skill level 4 in Fighting
  8265 | D:6      | Reached skill level 4 in Spellcasting
  8331 | D:6      | Reached skill level 2 in Invocations
  8465 | D:6      | Reached skill level 3 in Short Blades
  8585 | D:6      | Reached skill level 5 in Fighting
  8662 | D:6      | Noticed Grinder
  8673 | D:6      | Paralysed by Grinder for 5 turns
  8684 | D:6      | Killed Grinder
  8685 | D:6      | Reached XP level 9. HP: 53/74 MP: 12/15
  9120 | D:7      | Reached skill level 3 in Invocations
  9415 | D:7      | Reached skill level 6 in Fighting
  9528 | D:7      | Reached skill level 4 in Short Blades
  9636 | D:7      | Reached skill level 5 in Spellcasting
  9646 | D:7      | Reached skill level 4 in Invocations
  9794 | D:7      | You pick up a book of the Hunter and begin reading...
  9794 | D:7      | You add the spells Call Canine Familiar, Portal Projectile
                  | and Leda's Liquefaction to your library.
  9844 | D:7      | Reached skill level 7 in Fighting
 10186 | D:7      | Found a shimmering altar of Xom.
 10186 | D:7      | Found a burning altar of Makhleb.
 10267 | D:8      | You pick up a book of Iron and begin reading...
 10267 | D:8      | You add the spells Blade Hands and Iron Shot to your
                  | library.
 10403 | D:8      | Identified the +6 whip of Excruciating Pain {elec, rPois
                  | rC- rCorr Int+5}
 10420 | D:8      | Reached ** piety under Sif Muna
 10576 | D:8      | Reached skill level 5 in Short Blades
 10579 | D:8      | Reached skill level 8 in Fighting
 10579 | D:8      | Reached XP level 10. HP: 88/88 MP: 13/18
 10877 | D:8      | Reached skill level 5 in Invocations
 11127 | D:9      | Found a flagged portal.
 11142 | Bailey   | Entered a bailey
 11296 | Bailey   | Reached skill level 6 in Spellcasting
 11351 | Bailey   | Reached skill level 9 in Fighting
 11471 | Bailey   | Reached *** piety under Sif Muna
 11549 | Bailey   | Noticed a gargoyle
 11584 | Bailey   | HP: 16/91 [gargoyle/stone arrow (31)]
 11588 | Bailey   | HP: 5/91 [gargoyle/+0 mace (12)]
 11591 | Bailey   | Killed a gargoyle
 11592 | Bailey   | Reached skill level 6 in Invocations
 12051 | Bailey   | Identified the +8 chain mail of the Slorg {Str+4 Int+5}
 12053 | Bailey   | Identified the +2 ring mail of Broken Taboos {Will++}
 12453 | D:9      | Found Ceoherphacee's Assorted Antiques.
 12458 | D:9      | Bought a scroll of identify for 48 gold pieces
 12578 | D:9      | Reached skill level 10 in Fighting
 12578 | D:9      | Reached skill level 6 in Short Blades
 12900 | D:9      | Reached skill level 7 in Short Blades
 13244 | D:10     | Entered Level 10 of the Dungeon
 13257 | D:10     | Reached skill level 8 in Short Blades
 13258 | D:10     | Noticed a gargoyle
 13404 | D:10     | Reached XP level 11. HP: 97/99 MP: 15/20
 13675 | D:10     | Noticed a two-headed ogre
 13685 | D:10     | Killed a two-headed ogre
 13686 | D:10     | Reached skill level 9 in Short Blades
 13794 | D:10     | You pick up a book of Debilitation and begin reading...
 13794 | D:10     | You add the spells Slow, Vampiric Draining and Confusing
                  | Touch to your library.
 13889 | D:10     | Noticed Grum
 13900 | D:10     | Killed Grum
 14054 | D:10     | Found a staircase to the Lair.
 14174 | D:10     | Reached skill level 10 in Short Blades
 14174 | D:10     | Reached skill level 2 in Dodging
 14308 | D:10     | You pick up a book of the Dragon and begin reading...
 14308 | D:10     | You add the spells Cause Fear, Dragon Form and Dragon's
                  | Call to your library.
 14340 | D:10     | Found a runed translucent door.
 14426 | D:10     | Identified a scroll of acquirement
 14426 | D:10     | Acquired Xeceb's Incunable of the Kinetic Grave
 14427 | D:10     | You add the spells Shock, Necrotise, Static Discharge,
                  | Hailstorm, Animate Dead, Fireball and Lehudib's Crystal
                  | Spear to your library.
 14434 | D:10     | Learned a level 5 spell: Fireball
 14477 | D:11     | Reached **** piety under Sif Muna
 14546 | D:11     | Reached skill level 1 in Fire Magic
 14596 | D:11     | Reached skill level 3 in Dodging
 14636 | D:11     | Noticed a red ugly thing
 14638 | D:11     | Noticed a red ugly thing
 14720 | D:11     | Found a transporter.
 14720 | D:11     | Noticed a sea snake
 14722 | D:11     | Found a corrupted altar of Lugonu.
 14723 | D:11     | Noticed a green ugly thing
 14726 | D:11     | Found a transporter.
 14793 | D:11     | Found a staircase to the Orcish Mines.
 14806 | D:11     | Reached skill level 2 in Fire Magic
 14856 | D:11     | Reached skill level 3 in Fire Magic
 15246 | D:11     | Noticed a boulder beetle
 15255 | D:11     | Killed a boulder beetle
 15256 | D:11     | Reached skill level 4 in Dodging
 15359 | D:11     | Reached skill level 4 in Fire Magic
 15739 | D:11     | Noticed a broodmother
 15843 | Orc:1    | Entered Level 1 of the Orcish Mines
 15843 | Orc:1    | Noticed an orc high priest
 15843 | Orc:1    | Found Nedwohot's Magic Scroll Shoppe.
 15850 | Orc:1    | Noticed a sun demon
 15853 | D:11     | Killed an orc high priest
 15854 | D:11     | Reached skill level 5 in Dodging
 15854 | D:11     | Reached skill level 5 in Fire Magic
 15915 | D:11     | Reached skill level 6 in Fire Magic
 16054 | Orc:1    | Reached skill level 7 in Fire Magic
 16335 | Orc:2    | Entered Level 2 of the Orcish Mines
 16482 | Orc:2    | Found a staircase to the Elven Halls.
 16541 | Orc:1    | Noticed an ettin
 16551 | Orc:2    | Reached XP level 12. HP: 106/106 MP: 17/21
 16577 | Orc:2    | Noticed a two-headed ogre
 16583 | Orc:2    | Killed a two-headed ogre
 16584 | Orc:2    | Reached skill level 8 in Fire Magic
 16948 | Orc:1    | Reached ***** piety under Sif Muna
 17297 | Orc:2    | Noticed an ettin
 17315 | Orc:2    | Killed an ettin
 17316 | Orc:2    | Reached skill level 9 in Fire Magic
 17493 | Orc:2    | Reached skill level 10 in Fire Magic
 17502 | Orc:2    | Reached skill level 1 in Conjurations
 17541 | Orc:2    | Reached skill level 2 in Conjurations
 17549 | Orc:2    | Received a gift from Sif Muna
 17550 | Orc:2    | You add the spells Inner Flame, Flame Wave, Fulminant
                  | Prism, Spellforged Servitor and Orb of Destruction to your
                  | library.
 17550 | Orc:2    | Got Sif Muna's Exposition on the Excruciating Arsonist {god
                  | gift}
 17832 | Orc:2    | Reached skill level 3 in Conjurations
 17884 | Orc:2    | Found Qoemamae's Magic Scroll Emporium.
 17919 | Orc:2    | Reached skill level 4 in Conjurations
 18013 | Orc:2    | Reached skill level 5 in Conjurations
 18034 | Orc:2    | Reached skill level 6 in Conjurations
 18135 | Orc:2    | Noticed an orc high priest
 18137 | Orc:2    | Noticed an orc warlord
 18145 | Orc:2    | Killed an orc high priest
 18176 | Orc:2    | Killed an orc warlord
 18177 | Orc:2    | Reached skill level 7 in Conjurations
 18382 | Orc:2    | Found Wyaqe's Antique Armour Boutique.
 18384 | Orc:2    | Found Joghiz's Weapon Boutique.
 18404 | Orc:2    | Found Lodufu Udoeb's Magic Scroll Shop.
 18404 | Orc:2    | Noticed a two-headed ogre
 18411 | Orc:2    | Killed a two-headed ogre
 18486 | Orc:2    | Found Ducongo's Magic Scroll Shoppe.
 18519 | Orc:2    | Reached skill level 11 in Fire Magic
 18788 | Orc:1    | Killed an ettin
 19077 | Lair:1   | Entered Level 1 of the Lair of Beasts
 19219 | Lair:1   | Reached skill level 12 in Fire Magic
 19422 | Lair:1   | You pick up a book of Vapours and begin reading...
 19477 | Lair:1   | Reached XP level 13. HP: 113/113 MP: 9/22
 19629 | Lair:1   | You add the spells Ignition and Discord to your library.
 20167 | Lair:2   | You fall into a shaft and drop 1 floor!
 20189 | Lair:3   | Reached skill level 8 in Conjurations
 20411 | Lair:2   | Found a staircase to the Snake Pit.
 20661 | Lair:2   | Reached skill level 9 in Conjurations
 20882 | Lair:2   | You pick up a book of Necromancy and begin reading...
 20918 | Lair:2   | HP: 24/113 [death yak (16)]
 20937 | Lair:2   | HP: 14/113 [komodo dragon (18)]
 20945 | Lair:2   | Reached skill level 7 in Spellcasting
 21378 | Lair:2   | Found a staircase to the Shoals.
 21392 | Lair:2   | Reached skill level 8 in Spellcasting
 22160 | Lair:3   | You pick up a book of Spectacle and begin reading...
 22160 | Lair:3   | You add the spells Volatile Blastmotes, Dazzling Flash,
                  | Iskenderun's Mystic Blast and Starburst to your library.
 22161 | Lair:3   | Noticed Nergalle
 22466 | Lair:3   | Found the +0 pair of fencer's gloves {Riposte Dex+3}
 22499 | Lair:3   | Found a runed translucent door.
 22499 | Lair:3   | Found a shimmering altar of Xom.
 22500 | Lair:3   | Noticed Darkkill's ghost (journeyman MiHu)
 22560 | Lair:3   | Noticed Josephine
 22569 | Lair:3   | Reached skill level 6 in Dodging
 22570 | Lair:3   | Killed Josephine
 22661 | Lair:3   | Killed Nergalle
 22670 | Lair:3   | Reached skill level 11 in Fighting
 23443 | Lair:4   | Reached skill level 7 in Dodging
 23755 | Lair:4   | Found a stormy altar of Qazlal.
 23771 | Lair:4   | Reached XP level 14. HP: 125/125 MP: 26/26
 23799 | Lair:4   | Reached skill level 12 in Fighting
 24174 | Lair:4   | Found a runed translucent door.
 24174 | Lair:4   | Found a viscous altar of Jiyva.
 24175 | Lair:4   | Found a staircase to the Slime Pits.
 24522 | Lair:5   | Entered Level 5 of the Lair of Beasts
 24814 | Lair:5   | Reached skill level 8 in Dodging
 25115 | Lair:5   | Received a gift from Sif Muna
 25116 | Lair:5   | You add the spells Ensorcelled Hibernation, Summon Guardian
                  | Golem, Frozen Ramparts, Summon Mana Viper and Metabolic
                  | Englaciation to your library.
 25116 | Lair:5   | Got Sif Muna's Textbook on Fetching Freezing {god gift}
 25373 | Lair:5   | Reached skill level 9 in Dodging
 25800 | Lair:5   | Reached skill level 10 in Conjurations
 26237 | Lair:5   | Reached skill level 11 in Conjurations
 26500 | Lair:5   | Learned a level 6 spell: Starburst
 26645 | Lair:5   | You pick up a book of the Moon and begin reading...
 26645 | Lair:5   | You add the spells Passage of Golubria and Silence to your
                  | library.
 26904 | D:12     | You fall into a shaft and drop 3 floors!
 26904 | D:15     | Entered Level 15 of the Dungeon
 26928 | D:15     | Reached skill level 13 in Fire Magic
 27085 | D:14     | Noticed Urug
 27085 | D:14     | Noticed Rupert
 27085 | D:14     | Found a gate to the Vaults.
 27461 | D:14     | Reached skill level 14 in Fire Magic
 27480 | D:14     | HP: 30/126 [centaur/arrow[a centaur warrior] (14)]
 27481 | D:14     | Killed Urug
 27482 | D:14     | HP: 5/126 [centaur/arrow[a centaur warrior] (12)]
 27484 | D:14     | Shot with an arrow by a centaur

Vanquished Creatures
  An orc warlord (Orc:2)
  2 ettins
  Josephine (Lair:3)
  A yaktaur captain (D:15)
  4 catoblepae
  4 hydras
  3 two-headed ogres
  2 boulder beetles
  2 orc high priests
  9 death yaks
  Urug (D:14)
  A skyshark (Lair:1)
  Nergalle (Lair:3)
  A flayed ghost (D:15)
  A wizard (D:14)
  3 orc knights (Orc:2)
  2 harpies (Lair:2)
  2 cyclopes
  3 ugly things
  4 orc sorcerers
  3 manticores
  7 elephants
  A torpor snail (Lair:2)
  5 black mambas
  2 gargoyles
  4 rime drakes
  10 cane toads
  7 komodo dragons
  A polar bear (Lair:3)
  3 trolls
  2 hornets
  3 meliai (D:14)
  6 saltlings (Orc:2)
  Grinder (D:6)
  11 blink frogs
  A shadow (D:11)
  Sigmund (D:4)
  47 yaks
  A vampire (Bailey)
  5 basilisks
  5 wraiths
  4 wyverns
  Grum (D:10)
  2 vampire mosquitoes (D:9)
  12 humans
  2 steam dragons
  3 wargs
  An acid dragon (D:11)
  17 water moccasins
  33 orc warriors
  5 black bears
  A sky beast (D:7)
  6 ogres
  3 centaurs
  19 wolves
  3 kobold brigands
  Blork the orc (D:5)
  11 bullfrogs
  2 scorpions
  10 killer bees
  8 vampire bats (Bailey)
  4 howler monkeys
  6 wolf zombies (Bailey)
  3 jellies
  A crimson imp (D:7)
  16 orc priests
  2 gnoll boudas
  5 hounds
  2 iguanas
  3 sleepcaps
  16 orc wizards
  6 hell rats (Lair:4)
  13 gnolls
  17 adders
  6 river rats (Sewer)
  A shadow imp (D:4)
  A white imp (D:8)
  An ufetubus (D:4)
  2 worms
  5 dart slugs
  87 orcs
  11 ball pythons
  3 bats
  5 endoplasms
  4 giant cockroaches
  13 goblins
  7 hobgoblins
  36 kobolds
  9 quokkas
  3 frilled lizards
  17 orc zombies (Bailey)
  28 rats
  2 lurking horrors (D:4)
653 creatures vanquished.

Vanquished Creatures (others)
  24 fungi
  9 pillars of salt (Orc:2)
  62 plants
95 creatures vanquished.

Grand Total: 748 creatures vanquished

Table legend:
 A = Non-vault XP
 B = Vault XP
 C = Vault XP percentage of total XP
 D = Non-vault monster count
 E = Vault monster count
 F = Vault count percentage of total count
                 A         B        C        D         E       F
            +---------+---------+-------+---------+---------+-------
      Total |   54220 |   44791 |  45.2 |     430 |     245 |  36.3
            +---------+---------+-------+---------+---------+-------
        D:1 |      51 |       0 |   0.0 |      26 |       0 |   0.0
        D:2 |      40 |       0 |   0.0 |      16 |       0 |   0.0
        D:3 |     159 |      56 |  26.0 |      22 |       3 |  12.0
        D:4 |     330 |     368 |  52.7 |      20 |       6 |  23.1
        D:5 |     733 |     223 |  23.3 |      32 |       2 |   5.9
        D:6 |     441 |     272 |  38.1 |      10 |       1 |   9.1
        D:7 |    1232 |     757 |  38.1 |      14 |      10 |  41.7
        D:8 |     784 |       0 |   0.0 |      10 |       0 |   0.0
        D:9 |    3076 |      12 |   0.4 |      29 |       5 |  14.7
       D:10 |    3240 |    1410 |  30.3 |      26 |       9 |  25.7
       D:11 |    4361 |     619 |  12.4 |      29 |       9 |  23.7
       D:12 |       0 |    1075 | 100.0 |       0 |       2 | 100.0
       D:14 |    1970 |    2818 |  58.9 |       5 |       9 |  64.3
       D:15 |    2431 |    1700 |  41.2 |       4 |       6 |  60.0
     Lair:1 |    3546 |     183 |   4.9 |      12 |       2 |  14.3
     Lair:2 |    5628 |    6781 |  54.6 |      25 |      19 |  43.2
     Lair:3 |    4800 |    2866 |  37.4 |      14 |       8 |  36.4
     Lair:4 |    7388 |    1468 |  16.6 |      28 |       3 |   9.7
     Lair:5 |    8696 |   11332 |  56.6 |      30 |      26 |  46.4
      Orc:1 |    2939 |       0 |   0.0 |      43 |       0 |   0.0
      Orc:2 |    2375 |   11105 |  82.4 |      35 |      33 |  48.5
      Sewer |       0 |     198 | 100.0 |       0 |      55 | 100.0
     Bailey |       0 |    1548 | 100.0 |       0 |      37 | 100.0
            +---------+---------+-------+---------+---------+-------

Skill      XL: |  1  2  3  4  5  6  7  8  9 10 11 12 13 14 |
---------------+-------------------------------------------+-----
Poison Magic   | 4 5 7 9 |  9.0
Spellcasting   | 3 4 5 6 8 |  8.0
Fighting       | 2 5 8 10 11 12 | 12.0
Short Blades   | 1 3 5 8 10 | 10.0
Invocations    | 2 4 6 |  6.0
Dodging        | 5 7 9 |  9.0
Fire Magic     | 7 12 14 | 14.1
Conjurations   | 7 9 11 | 11.0
Stealth        | |  1.7
Transmutations | |  1.0

Action                     |  1- 3 |  4- 6 |  7- 9 | 10-12 | 13-15 || total
---------------------------+-------+-------+-------+-------+-------++-------
  Melee: Unarmed           |     2 |       |       |       |       ||     2
         Whip              |    58 |    22 |       |       |       ||    80
         Tailslap          |     6 |    12 |    13 |    54 |    62 ||   147
         Spear             |       |   138 |       |       |       ||   138
         Punch             |       |     2 |     2 |     6 |     6 ||    16
         Dagger            |       |     3 |   152 |   363 |   348 ||   866
   Cast: Sting             |    13 |     3 |       |       |       ||    16
         Poisonous Vapours |    36 |    82 |     8 |       |       ||   126
         Mephitic Cloud    |       |     2 |     3 |       |       ||     5
         Olgreb's Toxic Ra |       |     2 |    43 |   111 |   108 ||   264
         Fireball          |       |       |       |     4 |    85 ||    89
         Starburst         |       |       |       |       |     8 ||     8
 Invoke: Channel Magic     |       |       |       |     1 |     3 ||     4
Ability: Breathe Fire      |       |       |     9 |    39 |    34 ||    82
    Use: Potion            |       |     1 |     2 |     3 |     4 ||    10
         Scroll            |       |       |    14 |    11 |     9 ||    34
   Stab: Sleeping          |     1 |     2 |     3 |     4 |       ||    10
         Distracted        |       |     1 |       |       |       ||     1
 Armour: Skin              |    11 |    61 |    47 |   114 |   101 ||   334
  Dodge: Dodged            |    39 |    61 |    60 |   182 |   225 ||   567
  Block: Other             |    14 |    37 |    29 |    68 |    56 ||   204
         Reflection        |     1 |     2 |     1 |     6 |       ||    10
Riposte: Dagger            |       |       |       |       |    37 ||    37

Illustrated notes

Table legend:
 A = Kills in this place as a percentage of kills in the entire game.
 B = Kills by you in this place as a percentage of kills by you in the entire game.
 C = Kills by friends in this place as a percentage of kills by friends in the entire game.
 D = Other kills in this place as a percentage of other kills in the entire game.
 E = Experience gained in this place as a percentage of experience gained in the entire game.
 F = Experience gained in this place divided by the number of levels of this place that you have seen.
                   A       B       C       D       E      F
               +-------+-------+-------+-------+-------+----------------------
         Total | 100.0 | 100.0 |   N/A | 100.0 | 100.0 | 4125.5
       Dungeon |  45.2 |  45.9 |   N/A |  25.0 |  28.4 | 2011.3
          Lair |  24.7 |  23.8 |   N/A |  50.0 |  53.2 | 10537.6
  Orcish Mines |  16.4 |  16.7 |   N/A |   8.3 |  16.6 | 8209.5
         Sewer |   8.1 |   8.4 |   N/A |   0.0 |   0.2 | 198.0
        Bailey |   5.5 |   5.1 |   N/A |  16.7 |   1.6 | 1548.0
               +-------+-------+-------+-------+-------+----------------------

Table legend: (Time is in decaauts)
 A = Elapsed time spent in this place.
 B = Non-inter-level travel time spent in this place.
 C = Inter-level travel time spent in this place.
 D = Time resting spent in this place.
 E = Time spent auto-exploring this place.
 F = Levels seen in this place.
 G = Mean time per level.
                   A        B        C        D        E       F      G
               +--------+--------+--------+--------+--------+-----+--------+
         Total |  27285 |  26382 |    903 |   6330 |  14812 |  24 | 1136.9 |
       Dungeon |  14489 |  13940 |    549 |   2835 |   8755 |  14 | 1034.9 |
        Temple |     21 |     11 |     10 |      0 |      0 |   1 |   21.0 |
          Lair |   7581 |   7314 |    267 |   1901 |   3871 |   5 | 1516.2 |
  Orcish Mines |   2889 |   2814 |     75 |    806 |   1461 |   2 | 1444.5 |
         Sewer |   1317 |   1317 |      0 |    283 |    622 |   1 | 1317.0 |
        Bailey |    986 |    986 |      0 |    505 |    102 |   1 |  986.0 |
               +--------+--------+--------+--------+--------+-----+--------+

Top non-repeatable levels by time:
   Orc:2: 2214 daAuts
  Lair:5: 1904 daAuts
  Lair:2: 1834 daAuts
     D:3: 1778 daAuts
    D:11: 1669 daAuts
     D:9: 1609 daAuts
     D:4: 1565 daAuts
  Lair:4: 1383 daAuts
  Lair:3: 1360 daAuts
     D:2: 1331 daAuts
   Sewer: 1317 daAuts
     D:1: 1185 daAuts
     D:7: 1125 daAuts
     D:5: 1117 daAuts
  Lair:1: 1099 daAuts
